 Dungeon Crawl Stone Soup version 0.31-a0-233-g139696dc86 (webtiles) character file.

Game seed: 13738046121658254779

416 qw the Shooter (level 6, -5/37 HPs)
             Began as a Gargoyle Hexslinger on July 8, 2023.
             Slain by Duvessa
             ... wielding a +0 short sword
              (8 damage)
             ... on level 4 of the Dungeon.
             The game lasted 00:01:16 (3002 turns).

qw the Shooter (Gargoyle Hexslinger)                Turns: 3002, Time: 00:01:17

Health: -5/37      AC:  7    Str: 18    XL:     6   Next: 92%
Magic:  0/7        EV: 12    Int: 13    God:
Gold:   116        SH:  0    Dex: 14    Spells: 6/7 levels left

rFire   . . .        Y - +1 shortbow
rCold   + . .        (shield currently unavailable)
rNeg    + . .        b - +0 robe {rC+}
rPois   inf          f - +0 helmet
rElec   +            (no cloak)
rCorr   .            (no gloves)
SInv    .            (no boots)
Will    .....        p - amulet of guardian spirit
Stlth   +            a - +6 ring of strength
HPRegen 0.26/turn    (no ring)
MPRegen 0.10/turn

%: guardian spirit
@: no status effects
A: sickness immunity, AC +4, negative energy resistance 1, electricity
resistance, torment resistance 1, petrification resistance
a: no special abilities


You were on level 4 of the Dungeon.
You visited 1 branch of the dungeon, and saw 4 of its levels.

You collected 116 gold pieces.


Innate Abilities, Weirdness & Mutations

You are immune to sickness and miasma.
Your stone body is resilient. (AC +4)
You are immune to poison.
You resist negative energy. (rN+)
You are resistant to electric shocks. (rElec)
You are resistant to unholy torment.
You are immune to petrification.


   Skills:
 + Level 3.5 Fighting
 - Level 6.2 Ranged Weapons
 - Level 1.1 Armour
 - Level 1.5 Dodging
 - Level 1.0 Spellcasting
 - Level 2.6 Hexes


You had 6 spell levels left.
You knew the following spells:

 Your Spells              Type           Power      Damage    Failure   Level
a - Slow                  Hex            28%        N/A       10%         1

Your spell library contained the following spells:

 Spells                   Type           Power      Damage    Failure   Level
 Inner Flame              Hex/Fire       4%         N/A       43%         3
 Portal Projectile        Hex/Tloc       8%         N/A       43%         3
 Cause Fear               Hex            3%         N/A       67%         4

Inventory:

Hand Weapons
 Y - a +1 shortbow (weapon)
Armour
 b - a +0 robe of cold resistance (worn)
 f - a +0 helmet (worn)
 o - a +0 ring mail
Jewellery
 a - a +6 ring of strength (left hand)
 k - an amulet of the acrobat
 p - an amulet of guardian spirit (around neck)
Scrolls
 j - a scroll of identify
Potions
 c - a potion of magic {unknown}
 d - a potion of heal wounds
 g - a potion of curing
 h - a potion of mutation {unknown}
 l - a potion of lignification {unknown}
 m - a potion of brilliance {unknown}

Dungeon Overview and Level Annotations

Branches:
Dungeon (4/15)
 Temple: D:4-7

Altars:
Uskayaw
Vehumet

Shops:
D:2 =

Annotations:
D:4 Duvessa


Message History

The arrow hits Dowan but does no damage.
Dowan is almost dead.
Dowan casts a spell.
Dowan blinks!
You shoot an arrow. The arrow closely misses Dowan.
Dowan mumbles some strange words.
Dowan blinks!
You shoot an arrow. The arrow hits Dowan.
You kill Dowan!
You hear a distant scream of rage.
Your Ranged Weapons skill increases to level 6!
You start resting.
Duvessa, Sister of Dowan comes into view.
She is wielding a +0 short sword, wearing a +3 leather armour of willpower and carrying a wand of digging (5).
You shoot an arrow. The arrow barely misses Duvessa.
Duvessa goes berserk!
You shoot an arrow. The arrow barely misses Duvessa.
Duvessa rages.
You shoot an arrow. The arrow hits Duvessa.
Duvessa is lightly wounded.
You shoot an arrow.
The arrow hits Duvessa but does no damage.
Duvessa is lightly wounded.
You shoot an arrow.
The arrow hits Duvessa but does no damage.
Duvessa is lightly wounded.
Duvessa hits you but does no damage. Duvessa closely misses you.
You shoot an arrow.
The arrow hits Duvessa but does no damage.
Duvessa is lightly wounded.
Duvessa hits you with a +0 short sword! Duvessa misses you.
You shoot an arrow.
The arrow hits Duvessa but does no damage.
Duvessa is lightly wounded.
Duvessa barely misses you.
You shoot an arrow. The arrow hits Duvessa.
Duvessa is lightly wounded.
Duvessa hits you with a +0 short sword! x2
You shoot an arrow. The arrow barely misses Duvessa.
Duvessa hits you with a +0 short sword! x2
You die...

...............
....
...............
...# ##............
.... ##...........
#..# #...........
#..## #...%.......
#..## ##........##
#...# ###......##
####@.####......###
#..e.........####
#..........###..#
............###..#
.............###.#
............## ..#
............# #.#
...........## ..
<.........# ..


You could see Duvessa (berserk).

Vanquished Creatures
  A phantom (D:3)
  A kobold brigand (D:3)
  A scorpion (D:4)
  Dowan (D:4)
  A hound (D:2)
  Jessica (D:2)
  Robin (D:3)
  3 adders
  A worm (D:2)
  2 dart slugs (D:1)
  4 orcs (D:3)
  6 endoplasms
  3 hobgoblins
  2 jackals (D:3)
  6 kobolds
  4 quokkas
  6 ball pythons
  6 bats
  A frilled lizard (D:3)
  15 goblins
  4 rats
70 creatures vanquished.

Notes
Turn   | Place    | Note
-------+----------+-------------------------------------------
     0 | D:1      | qw the Gargoyle Hexslinger began the quest for the Orb.
     0 | D:1      | Reached XP level 1. HP: 12/12 MP: 2/2
     0 | D:1      | 0 ||| qw: Version: 0.3-a-46-gb1f654a
     0 | D:1      | 0 ||| qw: Game counter: 3508
     0 | D:1      | 0 ||| qw: Melee chars always use a shield: true
     0 | D:1      | 0 ||| qw: God list: Okawaru
     0 | D:1      | 0 ||| qw: Allow faded altars: false
     0 | D:1      | 0 ||| qw: Do Orc after clearing Dungeon:15 true
     0 | D:1      | 0 ||| qw: Do second Lair branch before Depths: true
     0 | D:1      | 0 ||| qw: Lair rune preference: random
     0 | D:1      | 0 ||| qw: Goals: Normal
     0 | D:1      | 0 ||| PLANNING D:1-11
    83 | D:1      | 83 ||| FLEEEEING.
    84 | D:1      | 84 ||| FLEEEEING.
   101 | D:1      | 101 ||| FLEEEEING.
   102 | D:1      | 102 ||| FLEEEEING.
   103 | D:1      | 103 ||| FLEEEEING.
   104 | D:1      | 104 ||| FLEEEEING.
   105 | D:1      | 105 ||| FLEEEEING.
   106 | D:1      | 106 ||| FLEEEEING.
   127 | D:1      | Reached XP level 2. HP: 16/16 MP: 3/3
   274 | D:1      | Reached skill level 3 in Ranged Weapons
   434 | D:1      | 434 ||| SWAPPING to +0 shortbow.
   436 | D:1      | 436 ||| DROPPING +1 sling.
   598 | D:1      | Reached XP level 3. HP: 21/21 MP: 4/4
   711 | D:1      | 711 ||| UPGRADING to +0 leather armour.
   721 | D:1      | 721 ||| DROPPING +0 robe.
   722 | D:1      | 722 ||| UPGRADING to +0 ring mail.
   732 | D:1      | 732 ||| DROPPING +0 leather armour.
   733 | D:1      | 733 ||| UPGRADING to amulet of guardian spirit.
   738 | D:1      | 738 ||| DROPPING ring of flight.
   739 | D:1      | 739 ||| READING scroll labelled HIOMIMM KUNEBB.
   744 | D:1      | 744 ||| READING scroll labelled SINOCAEHEG.
   745 | D:1      | 745 ||| READING scroll labelled YBE KUCHEPHET.
   746 | D:1      | 746 ||| READING scroll labelled CAEHEMA YRIRGH.
   746 | D:1      | Identified a scroll of acquirement
   746 | D:1      | 746 ||| ACQUIRING +6 ring of strength
   746 | D:1      | Acquired a +6 ring of strength
   748 | D:1      | 748 ||| UPGRADING to +6 ring of strength.
   749 | D:1      | 749 ||| READING scroll labelled EDDETHR LAEQAG.
   750 | D:1      | 750 ||| DROPPING scroll of poison.
   859 | D:2      | Noticed Jessica
   873 | D:2      | Killed Jessica
   990 | D:2      | Reached XP level 4. HP: 26/26 MP: 5/5
  1195 | D:2      | HP: 5/26 [hound (3)]
  1197 | D:2      | Reached skill level 4 in Ranged Weapons
  1351 | D:2      | Found Xolaifog's Jewellery Shop.
  1363 | D:2      | 1363 ||| SHOPLISTING +6 ring of dexterity (396 gold, have
                  | 88).
  1363 | D:2      | 1363 ||| SHOPLISTING amulet of reflection (330 gold, have
                  | 88).
  1363 | D:2      | 1363 ||| SHOPLISTING amulet of regeneration (330 gold, have
                  | 88).
  1363 | D:2      | 1363 ||| SHOPLISTING ring "Zuur" {rPois rN+ rCorr Str+3
                  | Stlth+} (504 gold, have 88).
  1459 | D:2      | Reached skill level 1 in Armour
  1604 | D:2      | 1604 ||| UPGRADING to +0 robe of cold resistance.
  1614 | D:2      | 1614 ||| READING scroll labelled INTUOP NYOPT.
  1615 | D:2      | 1615 ||| READING scroll labelled YPNUBLI SEARO.
  1616 | D:2      | 1616 ||| READING scroll labelled POROTOUVOA.
  1617 | D:2      | 1617 ||| READING 2 scrolls of identify.
  1617 | D:2      | 1617 ||| IDENTIFYING murky golden potion
  1618 | D:2      | 1618 ||| DROPPING potion of invisibility.
  1646 | D:3      | Noticed a phantom
  1666 | D:3      | Killed a phantom
  1667 | D:3      | Reached skill level 5 in Ranged Weapons
  1667 | D:3      | Reached XP level 5. HP: 17/30 MP: 3/6
  1795 | D:3      | Noticed a kobold brigand
  1812 | D:3      | Killed a kobold brigand
  1813 | D:3      | Reached skill level 3 in Fighting
  1813 | D:3      | Reached XP level 6. HP: 17/37 MP: 1/7
  1926 | D:3      | Noticed Robin
  1941 | D:3      | Killed Robin
  2136 | D:3      | Found a hide-covered altar of Uskayaw.
  2136 | D:3      | Noticed a +0 falchion
  2136 | D:3      | Noticed a +0 falchion
  2137 | D:3      | Noticed a +0 dagger
  2137 | D:3      | Noticed a +0 short sword
  2138 | D:3      | Noticed a +0 spear
  2139 | D:3      | Noticed a +0 short sword
  2139 | D:3      | Noticed a +0 dagger
  2140 | D:3      | Noticed a +0 spear
  2154 | D:3      | 2154 ||| UPGRADING to +0 helmet.
  2679 | D:3      | Found a radiant altar of Vehumet.
  2854 | D:3      | 2854 ||| READING scroll labelled JIARIYNLOYLI.
  2855 | D:3      | 2855 ||| READING 2 scrolls labelled EZIYSO PAUCUF.
  2856 | D:3      | 2856 ||| DRINKING 2 fuming purple potions.
  2857 | D:3      | 2857 ||| DRINKING 2 fuming inky potions.
  2858 | D:3      | 2858 ||| READING 2 scrolls of identify.
  2858 | D:3      | 2858 ||| IDENTIFYING smoky yellow potion
  2859 | D:3      | 2859 ||| DROPPING potion of attraction.
  2860 | D:3      | 2860 ||| DROPPING scroll of butterflies.
  2971 | D:4      | Noticed Dowan
  2982 | D:4      | Killed Dowan
  2983 | D:4      | Reached skill level 6 in Ranged Weapons
  2993 | D:4      | Noticed Duvessa
  3002 | D:4      | HP: 3/37 [Duvessa/+0 short sword (12)]
  3002 | D:4      | Slain by Duvessa

Levels and vault maps discovered:
D:1:      nicolae_arrival_washed_ashore, layout_loops_ring
D:2:      layout_loops_ring, serial_shops, nicolae_shop_hallway_plus,
          serial_park_tiny_2, uniq_jessica
D:3:      layout_basic, marbit_many_paths, nicolae_uskayaw_en_pointe, uniq_robin
D:4:      layout_cave_pods, mainiacjoe_overflow_small_starburst,
          jmf_multi_god_temple2, hangedman_decor_lopped, minivault_1,
          uniq_crazy_yiuf_cottage, uniq_duvessa, uniq_pikel

Skill      XL: |  1  2  3  4  5  6 |
---------------+-------------------+-----
Ranged Weapons | 3 5 6 |  6.2
Fighting       | 2 3 |  3.5
Armour         | 1 |  1.1
Dodging        | |  1.5
Spellcasting   | |  1.0
Hexes          | |  2.6

Action                     |  1- 3 |  4- 6 || total
---------------------------+-------+-------++-------
   Fire: Sling             |    54 |       ||    54
         Shortbow          |    53 |   201 ||   254
    Use: Scroll            |     5 |     7 ||    12
         Potion            |       |     2 ||     2
 Armour: Robe              |    10 |    19 ||    29
         Ring mail         |     8 |    27 ||    35
  Dodge: Dodged            |    49 |    85 ||   134

Table legend:
 A = Non-vault XP
 B = Vault XP
 C = Vault XP percentage of total XP
 D = Non-vault monster count
 E = Vault monster count
 F = Vault count percentage of total count
                 A         B        C        D         E       F
            +---------+---------+-------+---------+---------+-------
      Total |     455 |     140 |  23.5 |      56 |      14 |  20.0
            +---------+---------+-------+---------+---------+-------
        D:1 |      40 |       0 |   0.0 |      23 |       0 |   0.0
        D:2 |      78 |      37 |  32.2 |      13 |       1 |   7.1
        D:3 |     248 |      34 |  12.1 |      17 |      12 |  41.4
        D:4 |      89 |      69 |  43.7 |       3 |       1 |  25.0
            +---------+---------+-------+---------+---------+-------
